 Dungeon Crawl Stone Soup version 0.28.0 (webtiles) character file.

Game seed: 1254694736184372539

173 issech the Cudgeller (level 5, -1/49 (53) HPs)
             Began as a Troll Monk on Feb 13, 2022.
             Slain by a wight (6 damage)
             ... on level 4 of the Dungeon.
             The game lasted 00:08:47 (2702 turns).

issech the Cudgeller (Troll Monk)                   Turns: 2702, Time: 00:08:48

HP:   -1/49 (53)    AC:  5    Str: 19    XL:     5   Next: 28%
MP:   4/4           EV: 10    Int:  6    God:
Gold: 236           SH:  0    Dex: 14    Spells: 4/4 levels left

rFire   . . .      SeeInvis +   a - +0 mace
rCold   . . .      Faith    .   (no shield)
rNeg    . . .      Spirit   .   b - +0 robe
rPois   .          Reflect  .   (helmet restricted)
rElec   .          Harm     .   j - +0 cloak
rCorr   .          Rampage  .   (gloves unavailable)
Will    .....                   (boots unavailable)
Stlth   ++........              (no amulet)
HPRegen 0.96/turn               m - ring of see invisible
MPRegen 0.09/turn               (no ring)

@: drained
A: large, unfitting armour, claws 3, regeneration 1, shaggy fur 1, tough skin 1
a: no special abilities


You were on level 4 of the Dungeon.
You visited 1 branch of the dungeon, and saw 4 of its levels.

You collected 236 gold pieces.

Inventory:

Hand Weapons
 a - a +0 mace (weapon)
 z - a +2 short sword of flaming
 B - a +1 hand axe of electrocution
Missiles
 c - 26 bolts
 e - 68 stones (quivered)
 l - 11 poisoned darts
 w - 43 arrows
 y - 3 boomerangs
Armour
 b - a +0 robe (worn)
 j - a +0 cloak (worn)
 s - the +3 warlock's mirror {reflect}
   (You found it on level 3 of the Dungeon)

   It can block and reflect piercing ranged attacks and magical attacks against
   the wielder's willpower.
 A - a +0 animal skin
Jewellery
 m - a ring of see invisible (left claw)
Scrolls
 d - a scroll of teleportation {unknown}
 f - a scroll of fog {unknown}
 g - 2 scrolls of vulnerability {unknown}
 p - 3 scrolls of identify {unknown}
 r - 2 scrolls of blinking {unknown}
 t - a scroll of noise {unknown}
 x - a scroll of enchant weapon {unknown}
 C - a scroll of magic mapping {unknown}
Potions
 h - a potion of degeneration {unknown}
 i - a potion of haste {unknown}
 k - a potion of lignification {unknown}
 n - a potion of mutation {unknown}
 o - 2 potions of heal wounds {unknown}
 q - a potion of curing {unknown}
 u - a potion of invisibility {unknown}
 v - 2 potions of flight {unknown}


   Skills:
 + Level 3.0 Fighting
 + Level 4.2 Maces & Flails
 + Level 3.2 Dodging
 + Level 1.4 Stealth


You had 4 spell levels left.
You didn't know any spells.
Your spell library contained the following spells:

 Spells                   Type           Power      Damage    Failure   Level
 Animate Skeleton         Necr           0%         N/A       45%         1
 Pain                     Necr           0%         1d4       45%         1
 Conjure Flame            Conj/Fire      0%         6-21      83%         3
 Ignite Poison            Fire/Tmut/Pois 0%         N/A       83%         3
 Vampiric Draining        Necr           0%         2d6       83%         3
 Sticky Flame             Conj/Fire      0%         2d3       99%         4


Dungeon Overview and Level Annotations

Branches:
Dungeon (4/15)
 Temple: D:4-7

Altars:


Innate Abilities, Weirdness & Mutations

You are too large for most types of armour.
You have claws for hands.
Your natural rate of healing is unusually fast.
You are covered in fur. (AC +1)
You have tough skin. (AC +1)


Message History

The kobold shouts!
The kobold throws a stone.
The stone misses you.
A wight comes into view. It is wielding a +0 scimitar.
A wight comes into view.
It is wielding a +4 halberd. 2 wights come into view.
A wight is wielding a +3 morningstar of freezing.
Found a fuming cyan potion.
You barely miss the kobold. The kobold closely misses you.
You hit the kobold.
You kill the kobold!
The wight hits you with a +3 morningstar of freezing!
The wight freezes you.
You hit the wight.
The wight is lightly damaged.
The wight barely misses you.
You hit the wight.
The wight is moderately damaged.
The wight hits you from afar with a +4 halberd.
You feel drained. The wight barely misses you. The wight closely misses you.
You barely miss the wight.
The wight is moderately damaged.
The wight hits you with a +3 morningstar of freezing.
You feel drained. The wight freezes you. The wight barely misses you.
You hit the wight but do no damage.
The wight is moderately damaged.
The wight hits you but does no damage. The wight closely misses you.
You thump the wight!
The wight is severely damaged.
The wight closely misses you.
The wight hits you from afar with a +4 halberd.
You barely miss the wight.
The wight is severely damaged.
The wight hits you with a +3 morningstar of freezing!
The wight freezes you.
The wight hits you from afar with a +4 halberd!
* * * LOW HITPOINT WARNING * * *
You feel drained.
* * * LOW HITPOINT WARNING * * *
The wight hits you with a +3 morningstar of freezing.
You die...

#. #. #. #. #. #. #.
################ #.
#....zzz@...†..#########.
#.#...#####.##....†......
#..... #.##..#########
#....z .#.#..# # #.....
.# #.... ## #..... .#
##.... #< #.##.. ##
....## #. #. #.. ...>.#
#. ##.... #.


You could see 3 wights.

Vanquished Creatures
  An orc wizard (D:4)
  Robin (D:4)
  An adder (D:2)
  An ufetubus (D:4)
  2 worms (D:2)
  4 dart slugs
  5 orcs
  6 ball pythons
  10 endoplasms
  8 giant cockroaches
  14 goblins
  11 hobgoblins
  5 jackals (D:2)
  A quokka (D:2)
  5 bats
  4 frilled lizards
  6 kobolds
  5 rats
90 creatures vanquished.

Vanquished Creatures (others)
  A fungus (D:1)
  4 toadstools (D:1)
5 creatures vanquished.

Grand Total: 95 creatures vanquished

Notes
Turn   | Place    | Note
-------+----------+-------------------------------------------
     0 | D:1      | issech the Troll Monk began the quest for the Orb.
     0 | D:1      | Reached XP level 1. HP: 22/22 MP: 0/0
   159 | D:1      | Reached XP level 2. HP: 29/29 MP: 1/1
   225 | D:1      | Reached skill level 3 in Maces & Flails
   404 | D:1      | Reached XP level 3. HP: 36/36 MP: 2/2
  1295 | D:2      | Reached XP level 4. HP: 44/44 MP: 3/3
  1747 | D:2      | Found a faded altar of an unknown god.
  1872 | D:3      | Found the +3 warlock's mirror {reflect}
  2499 | D:4      | Reached skill level 4 in Maces & Flails
  2506 | D:4      | Noticed Robin
  2507 | D:4      | Reached XP level 5. HP: 53/53 MP: 4/4
  2538 | D:4      | Killed Robin
  2702 | D:4      | Slain by a wight

Illustrated notes

Levels and vault maps discovered:
D:1:      dpeg_arrival_stone_temple_mockup, layout_basic,
          minmay_gold_behind_fungi, grunt_decor_mini_mirrors,
          minmay_worlds_worst_comb
D:2:      layout_basic, hellmonk_ecumenical_altar_inner_sanctum
D:3:      layout_basic
D:4:      layout_loops_ring, minmay_crystal_water,
          chequers_serial_rivers_micro_b, uniq_robin

Skill      XL: |  1  2  3  4 |
---------------+-------------+-----
Maces & Flails | 3 4 |  4.2
Dodging        | 3 |  3.2
Fighting       | 3 |  3.0
Stealth        | |  1.4

Action                   |  1- 3 |  4- 6 || total
-------------------------+-------+-------++-------
Melee: Mace              |   128 |   145 ||   273
       Punch             |     4 |     3 ||     7
 Stab: Sleeping          |     4 |     3 ||     7
Armor: Robe              |    58 |    55 ||   113
Dodge: Dodged            |   100 |    82 ||   182
